 Dungeon Crawl Stone Soup version 0.28.0-45-g0d030f2227 (webtiles) character file.

Game seed: 459770357764996195

386 L33tCrusader the Chopper (level 6, -2/55 HPs)
             Began as a Minotaur Berserker on Apr 15, 2022.
             Was a Believer of Trog.
             Succumbed to an orc wizard's poison
             ... on level 4 of the Dungeon.
             The game lasted 00:07:37 (2335 turns).

L33tCrusader the Chopper (Minotaur Berserker)       Turns: 2335, Time: 00:07:39

Health: -2/55      AC: 11    Str: 23    XL:     6   Next: 48%
Magic:  5/5        EV:  7    Int:  4    God:    Trog [**....]
Gold:   140        SH:  6    Dex: 10    Spells: 5/5 levels left

rFire   . . .      SeeInvis .   g - +0 war axe
rCold   . . .      Faith    .   j - +2 buckler
rNeg    . . .      Spirit   .   f - +0 plate armour
rPois   .          Reflect  .   (helmet restricted)
rElec   .          Harm     .   (no cloak)
rCorr   .          Rampage  .   (no gloves)
Will    .....                   (no boots)
Stlth   ..........              (no amulet)
HPRegen 0.18/turn               (no ring)
MPRegen 0.09/turn               (no ring)

@: lethally poisoned (-2 -> -13), on berserk cooldown, slowed, very slow
A: horns 2, retaliatory headbutt
a: Renounce Religion, Berserk, Trog's Hand


You were on level 4 of the Dungeon.
You worshipped Trog.
Trog was pleased with you.
You visited 1 branch of the dungeon, and saw 4 of its levels.

You collected 140 gold pieces.

Inventory:

Hand Weapons
 a - a +0 hand axe
 g - a +0 war axe (weapon)
Armour
 b - a +0 animal skin
 e - a +0 leather armour
 f - a +0 plate armour (worn)
 j - a +2 buckler (worn)
Scrolls
 h - a scroll of identify {unknown}
Potions
 d - a potion of resistance {unknown}


   Skills:
 + Level 4.9 Fighting
 * Level 5.5 Axes
 + Level 3.9 Armour
 * Level 4.4 Dodging
 * Level 2.5 Shields


You had 5 spell levels left.
You didn't know any spells.
Your spell library was empty.

Dungeon Overview and Level Annotations

Branches:
Dungeon (4/15)
 Temple: D:4-7

Altars:
Sif Muna

Annotations:
D:4 Robin


Innate Abilities, Weirdness & Mutations

You have a pair of horns on your head.
You reflexively headbutt those who attack you in melee.


Message History

You closely miss the orc wizard. Robin hits you but does no damage.
The orc priest looks encouraged for a moment.
Something hits you but does no damage.
The orc wizard hits you but does no damage.
The hobgoblin hits you.
* * * LOW HITPOINT WARNING * * *
You block the orc's attack. Robin hits you with a +0 mace.
* * * LOW HITPOINT WARNING * * *
The orc wizard hits you with a +0 dagger of venom.
* * * LOW HITPOINT WARNING * * *
You are poisoned.
A magic dart appears from out of thin air!
The magic dart hits something.
Reactivating autopickup.
You feel a bit more experienced.
The orc wizard hits you but does no damage.
The hobgoblin hits you but does no damage.
Found a scroll labelled XIUWAXT FOULAUR.
* * * LOW HITPOINT WARNING * * *
You feel very sick. You block the orc's attack.
Robin zaps a wand.
The puff of flame misses you.
The puff of flame hits the orc!
The orc dies!
The orc wizard completely misses you. Something hits you but does no damage.
Deactivating autopickup; reactivate with Ctrl-A.
The orc wizard hits you but does no damage.
The orc hits you with a +0 club.
* * * LOW HITPOINT WARNING * * *
Robin zaps a wand.
The puff of flame misses you. Something hits you.
* * * LOW HITPOINT WARNING * * *
The orc wizard hits you but does no damage.
You are more poisoned.
Items here: ) ? [ †.
You hit Robin.
Robin is severely wounded.
You hit the orc wizard. You closely miss something.
You barely miss the orc wizard. You hit the orc. You slash the hobgoblin!
You kill the hobgoblin!
Trog accepts your kill.
You die...

................
♣.♣.♣.♣.♣.♣.♣.♣.
.....................
.....................
............###.....#
......))............#
#..)))............
K.g.##g)o†...........
g #o@oo.........##
#..)...........#
#..#...#<...####
...........##..#
......#...## ....
#.......##..# ..#
...$.... .... ..
.?............. .
..........S.


You could see Robin, an orc priest, 2 orc wizards and an orc.

Vanquished Creatures
  A necrophage (D:4)
  A centaur (D:4)
  A centaur skeleton (D:4)
  A bullfrog skeleton (D:4)
  A gnoll (D:1)
  6 adders
  2 worms (D:2)
  2 dart slugs
  5 orcs
  5 bats
  4 endoplasms
  12 goblins
  11 hobgoblins
  6 jackals
  4 kobolds
  3 quokkas
  7 ball pythons
  3 frilled lizards
  5 rats
80 creatures vanquished.

Vanquished Creatures (others)
  An orc wizard (D:4)
  An orc (D:4)
2 creatures vanquished.

Grand Total: 82 creatures vanquished

Notes
Turn   | Place    | Note
-------+----------+-------------------------------------------
     0 | D:1      | L33tCrusader the Minotaur Berserker began the quest for the
                  | Orb.
     0 | D:1      | Reached XP level 1. HP: 19/19 MP: 0/0
    13 | D:1      | Found a faded altar of an unknown god.
   117 | D:1      | Reached XP level 2. HP: 27/27 MP: 1/1
   537 | D:1      | Reached skill level 4 in Axes
   871 | D:2      | Reached XP level 3. HP: 24/33 MP: 2/2
  1319 | D:2      | Reached XP level 4. HP: 38/40 MP: 3/3
  1504 | D:2      | Reached ** piety under Trog
  1999 | D:3      | Found a shimmering blue altar of Sif Muna.
  2305 | D:4      | Noticed a centaur
  2314 | D:4      | Noticed a necrophage
  2316 | D:4      | Killed a centaur
  2317 | D:4      | Reached skill level 5 in Axes
  2317 | D:4      | Reached skill level 1 in Shields
  2317 | D:4      | Reached XP level 5. HP: 18/47 MP: 4/4
  2318 | D:4      | Reached XP level 6. HP: 21/53 MP: 5/5
  2319 | D:4      | Noticed Robin
  2324 | D:4      | Identified a scroll of acquirement
  2324 | D:4      | Acquired the +11 executioner's axe of the Mushroom {vorpal,
                  | Str+4}
  2335 | D:4      | Succumbed to an orc wizard's poison

Illustrated notes

Levels and vault maps discovered:
D:1:      lightli_arrival_chessboard, layout_loops_ring,
          ebering_ecumenical_altar_box
D:2:      layout_loops_ring
D:3:      layout_rooms, lemuel_coloured_pillars_altar
D:4:      layout_cave_pools, serial_park, serial_park_tiny_pond,
          serial_park_tiny_pond, serial_park_square2, serial_park_tiny_pond,
          serial_park_tiny_pond, serial_park_avenue1, uniq_natasha, uniq_robin,
          uniq_pikel

Skill      XL: |  1  2  3  4  5  6 |
---------------+-------------------+-----
Axes           | 4 5 |  5.5
Armour         | 3 |  3.9
Fighting       | 4 |  4.9
Dodging        | 3 4 |  4.4
Shields        | 1 2 |  2.5

Action                   |  1- 3 |  4- 6 || total
-------------------------+-------+-------++-------
Melee: Hand axe          |    35 |       ||    35
       Headbutt          |     9 |    14 ||    23
       War axe           |    13 |    84 ||    97
Invok: Berserk           |       |     1 ||     1
  Use: Potion            |       |     2 ||     2
       Scroll            |       |     1 ||     1
 Stab: Sleeping          |     1 |       ||     1
Armor: Plate armour      |    19 |    90 ||   109
       Animal skin       |     2 |       ||     2
Dodge: Dodged            |    22 |    55 ||    77
Block: Buckler           |       |    18 ||    18
